 Dungeon Crawl Stone Soup version 0.29-a0-925-g0a7a3d12f8 (webtiles) character file.

Game seed: 4510150884725511875

278 Pooter the Digger (level 6, -2/55 HPs)
             Began as a Troll Earth Elementalist on July 29, 2022.
             Was a Believer of Sif Muna.
             Slain by an iguana (5 damage)
             ... on level 5 of the Dungeon.
             The game lasted 00:27:11 (4104 turns).

Pooter the Digger (Troll Earth Elementalist)        Turns: 4104, Time: 00:27:11

Health: -2/55      AC:  5    Str: 17    XL:     6   Next: 5%
Magic:  7/7        EV:  9    Int: 13    God:    Sif Muna [**....]
Gold:   92         SH:  0    Dex: 10    Spells: 4/8 levels left

rFire   . . .      SeeInvis .     - Unarmed
rCold   . . .      Faith    .   (no shield)
rNeg    . . .      Spirit   .   a - +1 robe
rPois   .          Reflect  .   (helmet restricted)
rElec   .          Harm     .   (no cloak)
rCorr   .          Rampage  .   (gloves unavailable)
Will    .....                   (boots unavailable)
Stlth   +.........              (no amulet)
HPRegen 0.98/turn               (no ring)
MPRegen 0.10/turn               (no ring)

@: no status effects
A: large, unfitting armour, claws 3, regeneration 1, shaggy fur 1, tough skin 1
a: Renounce Religion, Channel Magic


You were on level 5 of the Dungeon.
You worshipped Sif Muna.
Sif Muna was pleased with you.
You visited 1 branch of the dungeon, and saw 5 of its levels.

You collected 175 gold pieces.
You spent 83 gold pieces at shops.

Inventory:

Missiles
 c - a throwing net {!f}
 h - a boomerang
 s - 2 poisoned darts
 t - 2 large rocks
 Q - 24 stones (quivered)
Armour
 a - a +1 robe (worn)
Jewellery
 I - a ring of protection from cold
   (You found it on level 2 of the Dungeon)
 N - a ring of positive energy
   (You found it on level 2 of the Dungeon)
Scrolls
 d - 2 scrolls of enchant armour
 e - a scroll of vulnerability {unknown}
 j - a scroll of enchant weapon
 m - a scroll of teleportation {unknown}
 n - 3 scrolls of immolation {unknown}
 o - a scroll of magic mapping
 p - a scroll of blinking {unknown}
 q - a scroll of silence {unknown}
 r - a scroll of torment {unknown}
Potions
 b - a potion of magic
 f - 2 potions of might
 g - 3 potions of attraction {!q}
 i - a potion of degeneration {unknown}
 k - 2 potions of heal wounds {@q2}
 l - 3 potions of curing {unknown}


   Skills:
 + Level 1.2 Fighting
 - Level 1.6 Dodging
 - Level 1.1 Stealth
 * Level 2.8 Unarmed Combat
 + Level 1.8 Spellcasting
 * Level 1.4 Conjurations
 + Level 1.3 Transmutations
 + Level 3.2 Earth Magic
 + Level 1.5 Invocations


You had 4 spell levels left.
You knew the following spells:

 Your Spells              Type           Power      Damage    Failure   Level
a - Sandblast             Erth           18%        2d7       7%          1
b - Stone Arrow           Conj/Erth      14%        3d7       30%         3

Your spell library contained the following spells:

 Spells                   Type           Power      Damage    Failure   Level
 Passwall                 Tmut/Erth      5%         N/A       16%         2
 Shock                    Conj/Air       12%        1d3       19%         1
 Frozen Ramparts          Ice            2%         1d2       61%         3
 Swiftness                Air            1%         N/A       61%         3
 Petrify                  Tmut/Erth      7%         N/A       69%         4
 Hailstorm                Conj/Ice       3%         3d3       88%         4
 Ice Form                 Ice/Tmut       2%         N/A       89%         4
 Airstrike                Air            0%         0-2+      95%         4
 Passage of Golubria      Tloc           1%         N/A       95%         4
 Summon Ice Beast         Ice/Summ       1%         N/A       95%         4
 Silence                  Hex/Air        0%         N/A       100%        5
 Simulacrum               Ice/Necr       0%         N/A       100%        6
 Lehudib's Crystal Spear  Conj/Erth      3%         10d3      100%        8


Dungeon Overview and Level Annotations

Branches:
Dungeon (5/15)             Temple (0/1) D:4

Altars:
Okawaru
Sif Muna

Shops:
D:1 *   D:3 *

Annotations:
D:3 1 runed translucent door, Crazy Yiuf


Innate Abilities, Weirdness & Mutations

You are too large for most types of armour.
You have claws for hands.
Your natural rate of healing is unusually fast.
You are covered in fur. (AC +1)
You have tough skin. (AC +1)


Message History

You kill the black bear!
Sif Muna accepts your kill.
You have reached level 6!
You feel stronger.
There is a stone staircase leading up here.
Done exploring.
There is a stone staircase leading down here.
You climb downwards.
You hear the sound of rushing water.
There is an entrance to a sewer on this level.
Hurry and find it before the portal rusts away!
The white imp shouts, "Get thee hence, thou horrid hell-hated fustilarian!"
The iguana hisses angrily. x2
Found 3 large rocks.
Found a stone staircase leading down.
There is a stone staircase leading up here.
The white imp sputters.
The white imp hits you but does no damage.
You climb upwards.
There is a stone staircase leading down here.
You claw the white imp! You closely miss the white imp. The white imp hits you.
The white imp freezes you.
You closely miss the white imp.
The white imp hits you but does no damage.
You barely miss the white imp. The white imp closely misses you.
You claw the white imp!
You kill the white imp!
Sif Muna accepts your kill.
You climb downwards.
You hear the sound of rushing water.
There is an entrance to a sewer on this level.
Hurry and find it before the portal rusts away!
The iguana closely misses you. The iguana bites you!
There is a stone staircase leading up here.
The iguana attacks as you move away! The iguana barely misses you.
The iguana attacks as you move away! The iguana bites you!
The iguana attacks as you move away! The iguana bites you!
You see here 3 large rocks.
t - 3 large rocks The iguana bites you!
* * * LOW HITPOINT WARNING * * *
The iguana bites you but does no damage.
Throw: 3 large rocks
Aim: an iguana (58% to hit)
You throw a large rock. The large rock hits the iguana.
The iguana bites you!
* * * LOW HITPOINT WARNING * * *
The iguana bites you but does no damage.
The iguana bites you!
* * * LOW HITPOINT WARNING * * *
The iguana bites you.
You die...

.# ## #... . #.#
#..... ..#..#
####......
......##.#.......
................#
.................
.......@.........
#......ll........
#........<.......
#.#.........###..
# #........##
.......>..#
...........#
.#.......###
#.#......


You could see 2 iguanas.

Vanquished Creatures
  A black bear (D:4)
  An orc priest (D:4)
  An orc wizard (D:4)
  4 adders
  A white imp (D:4)
  3 worms (D:2)
  A dart slug (D:3)
  8 orcs
  3 ball pythons
  3 bats
  7 endoplasms
  11 giant cockroaches
  6 goblins
  6 hobgoblins
  4 quokkas
  2 frilled lizards
  2 kobolds
  4 rats
68 creatures vanquished.

Notes
Turn   | Place    | Note
-------+----------+-------------------------------------------
     0 | D:1      | Pooter the Troll Earth Elementalist began the quest for the
                  | Orb.
     0 | D:1      | Reached XP level 1. HP: 16/16 MP: 1/1
    12 | D:1      | Found a faded altar of an unknown god.
    28 | D:1      | Prayed at the altar of an unknown god.
    28 | D:1      | Became a worshipper of Sif Muna the Loreminder
    28 | D:1      | Reached * piety under Sif Muna
   262 | D:1      | Found Pyruorio's Assorted Antiques.
   327 | D:1      | Reached XP level 2. HP: 24/24 MP: 0/3
   775 | D:1      | Bought a scroll labelled PYIQES BIEL for 23 gold pieces
  1026 | D:2      | Reached skill level 1 in Unarmed Combat
  1213 | D:2      | Reached XP level 3. HP: 32/32 MP: 4/4
  1359 | D:2      | Reached ** piety under Sif Muna
  1506 | D:2      | Learned a level 3 spell: Stone Arrow
  1865 | D:2      | Reached skill level 1 in Transmutations
  1953 | D:3      | Reached XP level 4. HP: 40/40 MP: 5/5
  1979 | D:3      | Reached skill level 1 in Invocations
  2127 | D:3      | Found a runed translucent door.
  2128 | D:3      | Noticed Crazy Yiuf
  2296 | D:3      | Reached skill level 3 in Earth Magic
  2334 | D:3      | Identified the +4 mace "Dascholeo" {distort, rPois Int+2
                  | Stlth+}
  2533 | D:3      | Found Ucech's General Store.
  2539 | D:3      | Bought a scroll of identify for 20 gold pieces
  2539 | D:3      | Bought a potion of might for 40 gold pieces
  3075 | D:4      | Found an iron altar of Okawaru.
  3428 | D:4      | Reached skill level 1 in Fighting
  3428 | D:4      | Reached skill level 1 in Conjurations
  3428 | D:4      | Reached XP level 5. HP: 48/48 MP: 4/6
  3490 | D:4      | Found a staircase to the Ecumenical Temple.
  3902 | D:4      | Noticed a black bear
  3911 | D:4      | Killed a black bear
  3912 | D:4      | Reached XP level 6. HP: 46/55 MP: 5/7
  4091 | D:5      | Entered Level 5 of the Dungeon
  4104 | D:5      | Slain by an iguana

Illustrated notes

Levels and vault maps discovered:
D:1:      minmay_arrival_open_corners, layout_basic, serial_shops, shop_statue,
          hellmonk_ecumenical_altar_crossroads, minmay_door_square
D:2:      layout_loops_ring, kennysheep_minor_cross
D:3:      minmay_roachtagon, layout_loops_corners, serial_shops, shop_statue,
          chequers_serial_rivers_micro_c, uniq_crazy_yiuf_cottage
D:4:      layout_layer_cave, mainiacjoe_overflow_brackets,
          minmay_temple_entry_from_below_a
D:5:      layout_cave_pools, lightli_sewer_entry_pipes

Skill      XL: |  1  2  3  4 |
---------------+-------------+-----
Unarmed Combat | 1 2 |  2.8
Transmutations | 1 |  1.3
Invocations    | 1 |  1.5
Earth Magic    | 3 |  3.2
Fighting       | 1 |  1.2
Conjurations   | 1 |  1.4
Dodging        | |  1.6
Stealth        | |  1.1
Spellcasting   | |  1.8

Action                   |  1- 3 |  4- 6 || total
-------------------------+-------+-------++-------
Melee: Unarmed           |    62 |    58 ||   120
       Punch             |       |     2 ||     2
Throw: Dart              |    14 |    17 ||    31
       Stone             |       |     3 ||     3
       Throwing net      |       |     1 ||     1
       Large rock        |       |     1 ||     1
 Cast: Sandblast         |    25 |    27 ||    52
  Use: Scroll            |     3 |     3 ||     6
Armor: Robe              |    14 |    37 ||    51
Dodge: Dodged            |    24 |    35 ||    59

Table legend: (Time is in decaauts)
 A = Elapsed time spent in this place.
 B = Non-inter-level travel time spent in this place.
 C = Inter-level travel time spent in this place.
 D = Time resting spent in this place.
 E = Time spent auto-exploring this place.
 F = Levels seen in this place.
 G = Mean time per level.
                   A        B        C        D        E       F      G
               +--------+--------+--------+--------+--------+-----+--------+
         Total |   4153 |   4045 |    108 |    316 |   3091 |   5 |  830.6 |
       Dungeon |   4153 |   4045 |    108 |    316 |   3091 |   5 |  830.6 |
               +--------+--------+--------+--------+--------+-----+--------+

Top non-repeatable levels by time:
     D:4: 1127 daAuts
     D:3: 1064 daAuts
     D:1: 1003 daAuts
     D:2: 951 daAuts
     D:5: 6 daAuts
